AoeStats
← Krivler | Murphy

Arabia

509829915Analyzed
1v1 RM · 5d ago on Sep 28, 2026· 46m 46s· 2 players
Game mode
Random Map
Map size
Tiny (2 player)
Population
200
Speed
Normal
Resources
Standard
Victory
Conquest
Starting age
Dark Age
Ending age
Imperial Age
RankedLock teamsTeams togetherTeam positionsShared explorationLock speedFull tech treeHidden civsTurbo modeCheats
Victory
Defeat
🇺🇸 Magyars · United States
1039
+14
🇹🇷 Mongols · Türkiye
1006
-14
Krivler | Murphy
4:32 Loom
9:48 Feudal Age
12:47 Double-Bit Axe
18:10 Loom
18:08 Horse Collar
18:24 Gold Mining
20:56 Castle Age
20:25 Stone Mining
23:19 Bloodlines
23:47 Bow Saw
28:17 Wheelbarrow
27:28 Town Watch
27:47 Fletching
28:14 Scale Barding Armor
29:09 Bodkin Arrow
30:45 Padded Archer Armor
31:08 Chain Barding Armor
35:11 Imperial Age
33:51 Padded Archer Armor
33:32 Light Cavalry
34:12 Husbandry
36:05 Bracer
36:21 Leather Archer Armor
35:44 Hussar
37:27 Forging
41:49 Iron Casting
42:45 Ballistics
43:34 Conscription
Temurah
7:34 Loom
10:52 Feudal Age
12:17 Double-Bit Axe
12:53 Horse Collar
16:02 Wheelbarrow
20:33 Castle Age
18:46 Gold Mining
19:44 Bloodlines
19:42 Scale Barding Armor
22:35 Bow Saw
22:28 Heavy Plow
23:42 Husbandry
25:50 Pikeman
26:40 Light Cavalry
31:36 Stone Mining
32:54 Hand Cart
35:37 Imperial Age
33:49 Gold Shaft Mining
36:07 Chain Barding Armor
37:22 Corvinian Army
39:47 Plate Barding Armor
39:15 Scale Mail Armor
42:58 Halberdier
44:01 Chain Mail Armor
Connection lost

Rejoining the realm…

Still unreachable

The connection could not be restored.

Session expired

The server has moved on; the page needs a fresh start.